 Dungeon Crawl Stone Soup version 0.18.1-50-g88ac8fd (webtiles) character file.

3133 magog001 the Bolt Thrower (level 9, 0/74 HPs)
             Began as a Centaur Hunter on June 14, 2017.
             Was a Follower of Nemelex Xobeh.
             Slain by a hippogriff (5 damage)
             ... on level 8 of the Dungeon on June 19, 2017.
             The game lasted 01:00:29 (9276 turns).

magog001 the Bolt Thrower (Centaur Hunter)          Turns: 9276, Time: 01:00:32

Health: 0/74       AC: 10    Str: 15    XL:     9   Next: 61%
Magic:  9/9        EV: 13    Int: 10    God:    Nemelex Xobeh [*.....]
Gold:   415        SH:  0    Dex: 14    Spells: 0 memorised, 8 levels left

rFire  . . .     SeeInvis .     A - +4 morningstar (protect)
rCold  . . .     Gourm    .     z - +1 robe of the Orb Guardian {Str-2 Dex+3 Stlth+}
rNeg   . . .     Faith    .     (no shield)
rPois  .         Spirit   .     (no helmet)
rElec  .         Dismiss  .     (no cloak)
rCorr  .         Reflect  .     (no gloves)
SustAt .         Harm     .     (no barding)
MR     .....                    (no amulet)
Stlth  ++........               (no ring)
                                (no ring)

@: very quick, not resistant to hostile enchantments, unstealthy
A: hooves 3, deformed body, speed 2, tough skin 3
a: Renounce Religion


You were on level 8 of the Dungeon.
You worshipped Nemelex Xobeh.
Nemelex Xobeh was aware of your devotion.
You were not hungry.

You visited 2 branches of the dungeon, and saw 9 of its levels.
You also visited: Ossuary.

You collected 415 gold pieces.

Inventory:

Hand Weapons
 a - a +1 hand crossbow
 l - a +2 hunting sling of flaming
 A - a +4 morningstar of protection (weapon)
Missiles
 d - 27 bolts
 h - 12 sling bullets
 i - 5 needles of paralysis
 y - 133 stones (quivered)
 J - 24 poisoned needles
Armour
 z - the +1 robe of the Orb Guardian (worn) {Str-2 Dex+3 Stlth+}
   (You found it on level 7 of the Dungeon)

   It affects your strength (-2).
   It affects your dexterity (+3).
   It makes you more stealthy.
Wands
 j - a wand of flame (32/48)
 p - a wand of disintegration (0/24)
 r - a wand of teleportation (2/9)
 H - a wand of lightning (9/15)
 M - a wand of lightning (5/15)
Scrolls
 b - a scroll of enchant weapon
 m - 2 scrolls of blinking
 n - a scroll of recharging
 q - a scroll of amnesia
 v - a scroll of magic mapping
 x - 3 scrolls of remove curse
 G - 2 scrolls of identify
 O - a scroll of fear
Potions
 c - a potion of haste
 e - a potion of mutation {unknown}
 k - a potion of brilliance {unknown}
 t - a potion of agility
 B - a potion of degeneration {unknown}
 E - a potion of heal wounds {unknown}
 F - a potion of cure mutation {unknown}
Miscellaneous
 D - a plain deck of war {drawn: 5}
Comestibles
 f - 8 bread rations
 o - 4 meat rations
 s - 8 slices of pizza
 C - 9 fruits


   Skills:
 * Level 5.6 Fighting
   Level 2.2 Long Blades
 * Level 3.8 Maces & Flails
 * Level 6.5 Slings
 - Level 6.9 Crossbows
 + Level 0.2(4.0) Throwing
 + Level 1.3 Armour
 * Level 6.0 Dodging
 - Level 0.5 Stealth
 + Level 0.6 Evocations


You had 8 spell levels left.
You didn't know any spells.

Dungeon Overview and Level Annotations

Branches:
Dungeon (8/15)             Temple (1/1) D:6            Lair (0/8) D:8

Altars:
Ashenzari
Cheibriados
Dithmenos
Elyvilon
Fedhas
Gozag
Kikubaaqudgha
Makhleb
Nemelex Xobeh
Okawaru
Pakellas
Qazlal
Sif Muna
Trog
Vehumet
Xom
Yredelemnul
Zin
The Shining One


Innate Abilities, Weirdness & Mutations

You have hooves in place of feet.
Armour fits poorly on your strangely shaped body.
You cover ground very quickly.
You have extremely tough skin (AC +3).


Message History

You feel better. The hippogriff bites you.
* * * LOW HITPOINT WARNING * * *
The hippogriff barely misses you.
The hippogriff claws you but does no damage.
Evoke which item? (* to show all) (? for menu, Esc to quit)
Zapping:
j - a wand of flame (33/48)
Press: ? - help, Shift-Dir - straight line, f - hippogriff
Aim: a hippogriff (heavily wounded)
The puff of flame hits the hippogriff.
The hippogriff is severely wounded.
This wand has 32 charges left.
The hippogriff closely misses you. The hippogriff barely misses you.
The hippogriff claws you but does no damage.
You hit the hippogriff. Your kick misses the hippogriff.
The hippogriff is almost dead.
The hippogriff bites you.
* * * LOW HITPOINT WARNING * * *
The hippogriff pecks you.
You die...
Your body disappears without a glow.

#..........#..#
#.#.#..
#.............#
#)#.###
#............##
#.#....
#..........###
.....
#..........#######
... .
#................#
####
###.....##.......#
..%..####.......#
.(...%.)@'.......#
.....%##H#.......#
....(.....§......#
.......≈§≈...#+##
.....≈§§§≈§.§.+
.....§§§h≈§≈....
.....≈≈h>≈≈§§....
...+.≈≈≈§.≈≈.....
...#..≈≈≈≈§≈.....


You could see a hippogriff and a hell hound.

Vanquished Creatures
  A hippogriff (D:8)
  A hog (D:7)
  A human (D:7)
  The ghost of magog001 the Covert, an amateur OpAs (D:3)
  A water moccasin (D:7)
  3 orc warriors
  An ice beast (D:8)
  4 ogres
  4 centaurs
  3 giant frogs
  An elf zombie (Ossuary)
  5 wights (D:6)
  2 crimson imps
  A centaur zombie (Ossuary)
  2 hounds
  5 human zombies (Ossuary)
  2 jellies
  An orc priest (D:7)
  An orc wizard (D:8)
  4 iguanas
  4 worker ants
  3 sheep (D:7)
  A killer bee zombie (D:8)
  3 hound zombies (Ossuary)
  3 mummies (Ossuary)
  10 adders
  A shadow imp (D:8)
  5 adder skeletons
  5 adder zombies (Ossuary)
  2 worms (D:2)
  A dart slug (D:1)
  4 giant geckos
  14 orcs
  2 ball pythons
  2 bats (D:3)
  2 giant cockroaches
  6 goblins
  6 hobgoblins
  5 jackals
  3 quokkas
  A giant gecko skeleton (D:4)
  2 giant gecko zombies
  4 giant newts
  3 goblin zombies (Ossuary)
  4 hobgoblin zombies (Ossuary)
  A jackal skeleton (D:4)
  3 jackal zombies (Ossuary)
  4 kobolds
  2 kobold zombies (Ossuary)
  An orc zombie (Ossuary)
  A quokka zombie (Ossuary)
  2 rats (D:2)
  6 rat zombies (Ossuary)
160 creatures vanquished.

Vanquished Creatures (collateral kills)
  An orc priest (D:8)
  An orc (D:8)
2 creatures vanquished.

Grand Total: 162 creatures vanquished

Notes
Turn   | Place    | Note
--------------------------------------------------------------
     0 | D:1      | magog001 the Centaur Hunter began the quest for the Orb.
     0 | D:1      | Reached XP level 1. HP: 17/17 MP: 1/1
   350 | D:1      | Reached XP level 2. HP: 22/24 MP: 2/2
   409 | D:1      | Reached skill level 5 in Crossbows
   640 | D:2      | Found a stormy altar of Qazlal.
   686 | D:2      | Reached XP level 3. HP: 29/29 MP: 3/3
  1791 | D:3      | Reached XP level 4. HP: 23/37 MP: 4/4
  2116 | D:3      | Noticed magog001's ghost (amateur OpAs)
  2125 | D:3      | Killed magog001's ghost
  2125 | D:3      | Reached skill level 1 in Long Blades
  2125 | D:3      | Reached skill level 1 in Armour
  2125 | D:3      | Reached XP level 5. HP: 33/42 MP: 5/5
  2477 | D:4      | Got a steaming robe
  2488 | D:4      | Identified the +0 robe "Luovofuc" {Regen+ rCorr Int-3 SInv} (You found it on level 4 of the Dungeon)
  2529 | D:4      | Noticed an ogre
  2538 | D:4      | HP: 2/42 [ogre/giant club (22)]
  2539 | D:4      | Killed an ogre
  2539 | D:4      | Reached XP level 6. HP: 3/50 MP: 6/6
  3199 | D:4      | Reached skill level 1 in Slings
  3700 | D:5      | Entered Level 5 of the Dungeon
  4340 | D:5      | Found an oddly glowing altar of Pakellas.
  4355 | D:5      | Found a burning altar of Makhleb.
  4573 | D:6      | Found a blossoming altar of Fedhas.
  4573 | D:6      | Found an opulent altar of Gozag.
  4575 | D:6      | Found a radiant altar of Vehumet.
  4623 | D:6      | Found a sand-covered staircase.
  4668 | Ossuary  | Entered an ossuary
  4794 | Ossuary  | Reached XP level 7. HP: 35/57 MP: 7/7
  5452 | D:6      | Found a glowing golden altar of the Shining One.
  5647 | D:6      | Found a staircase to the Ecumenical Temple.
  5668 | Temple   | Entered the Ecumenical Temple
  5714 | Temple   | Became a worshipper of Nemelex Xobeh the Trickster
  5890 | D:6      | Received a gift from Nemelex Xobeh
  6004 | D:6      | Reached skill level 1 in Maces & Flails
  6012 | D:6      | Reached XP level 8. HP: 15/66 MP: 8/8
  7281 | D:7      | Reached skill level 5 in Slings
  7333 | D:7      | Reached skill level 5 in Fighting
  7358 | D:7      | Reached skill level 5 in Dodging
  7358 | D:7      | Reached XP level 9. HP: 10/74 MP: 9/9
  7537 | D:7      | Got a faintly humming robe
  7652 | D:7      | Identified the +1 robe of the Orb Guardian {Str-2 Dex+3 Stlth+} (You found it on level 7 of the Dungeon)
  7979 | D:8      | HP: 3/74 [orc warrior/long sword (6)]
  8605 | D:8      | Found an ancient bone altar of Kikubaaqudgha.
  8651 | D:8      | Reached * piety under Nemelex Xobeh
  8690 | D:8      | Got a crystal triple sword {pain}
  8719 | D:8      | Identified the +4 triple sword "Mogg" {pain, rC+ rN+ Str+2 Dex+3} (You took it off an orc warrior on level 8 of the Dungeon)
  9246 | D:8      | Found a staircase to the Lair.
  9276 | D:8      | Slain by a hippogriff

Skill      XL: |  1  2  3  4  5  6  7  8  9 |
---------------+----------------------------+-----
Crossbows      | 5 6 |  6.9
Long Blades    | 1 2 |  2.2
Armour         | 1 |  1.3
Dodging        | 2 3 5 6 |  6.0
Fighting       | 3 4 5 |  5.6
Slings         | 2 3 5 6 |  6.5
Maces & Flails | 1 3 |  3.8
Throwing       | |  0.2
Stealth        | |  0.5
Evocations     | |  0.6

Action                   |  1- 3 |  4- 6 |  7- 9 || total
-------------------------+-------+-------+-------++-------
Melee: Long sword        |    15 |    51 |    13 ||    79
       Kick              |     2 |    10 |    89 ||   101
       Morningstar       |       |       |   271 ||   271
       Triple sword      |       |       |    15 ||    15
 Fire: Hand crossbow     |    64 |    34 |       ||    98
       Hunting sling     |       |    63 |   102 ||   165
Throw: Stone             |       |     3 |     8 ||    11
Evoke: Wand              |       |       |    15 ||    15
       Deck              |       |       |     5 ||     5
  Use: Scroll            |     6 |     5 |    10 ||    21
       Potion            |     1 |     1 |    12 ||    14
 Stab: Distracted        |       |       |     1 ||     1
  Eat: Chunk             |     1 |     3 |     6 ||    10
       Meat ration       |       |     1 |       ||     1
       Bread ration      |       |       |     1 ||     1
       Beef jerky        |       |       |     2 ||     2
Armor: Leather armour    |    10 |    16 |     2 ||    28
       Robe              |       |    25 |   135 ||   160
       Skin              |       |       |    77 ||    77
Dodge: Dodged            |    26 |    55 |   217 ||   298
